 Dungeon Crawl Stone Soup version 0.13.0-7-g3df9ff1 (webtiles) character file.

296 Lilouch the Shield-Bearer (level 5, 0/41 HPs)
             Began as a Demonspawn Fighter on Oct 16, 2013.
             Slain by a gnoll
             ... wielding a +0,+0 halberd
              (5 damage)
             ... on Level 3 of the Dungeon.
             The game lasted 00:15:31 (2694 turns).

Lilouch the Shield-Bearer (Demonspawn Fighter)      Turns: 2694, Time: 00:15:31

HP   0/41        AC  9     Str 18      XL: 5   Next: 20%
MP   4/4         EV  6     Int  9      God:
Gold 133         SH 18     Dex 12      Spells:  0 memorised,  4 levels left

Res.Fire  : . . .   See Invis. : .   a - +0 mace
Res.Cold  : . . .   Warding    : .   b - +0 scale mail
Life Prot.: . . .   Conserve   : .   c - +0 shield
Res.Poison: .       Res.Corr.  : .   (no helmet)
Res.Elec. : .       Clarity    : .   (no cloak)
Sust.Abil.: . .     Spirit.Shd : .   (no gloves)
Res.Mut.  : .       Stasis     : .   (no boots)
Res.Rott. : .       Flight     : .   (no amulet)
Saprovore : . . .                    (no ring)
                                     (no ring)

@: slightly resistant to hostile enchantments, unstealthy
A: nightstalker 2, AC +3
a: no special abilities


You were on level 3 of the Dungeon.
You were not hungry.

You visited 1 branch of the dungeon, and saw 3 of its levels.

You collected 113 gold pieces.

Inventory:

Hand weapons
 a - a +0,+0 mace (weapon)
 u - a +0 blowgun
Missiles
 s - 18 stones
 t - 15 poisoned needles
 v - a poisoned dart (quivered)
Armour
 b - a +0 scale mail (worn)
 c - a +0 shield (worn)
Magical devices
 B - a wand of draining (5) {unknown}
Comestibles
 d - 3 bread rations
 x - a pear
Scrolls
 e - 5 scrolls of remove curse {unknown}
 f - 3 scrolls of teleportation {unknown}
 g - a scroll of curse armour {unknown}
 h - a scroll of magic mapping {unknown}
 k - a scroll of blinking {unknown}
 l - a scroll of identify {unknown}
 m - a scroll of enchant armour {unknown}
 n - a scroll of enchant weapon I {unknown}
 p - a scroll of fog {unknown}
 r - 2 scrolls of random uselessness {unknown}
 y - 2 scrolls of enchant weapon II {unknown}
 A - a scroll of amnesia {unknown}
Jewellery
 q - an uncursed ring of sustain abilities {unknown}
Potions
 i - a potion of beneficial mutation {unknown}
 j - 3 potions of flight {unknown}
 o - a potion of might {unknown}
 w - a potion of speed {unknown}
 z - a potion of heal wounds {unknown}
 C - a potion of invisibility {unknown}
 E - a potion of porridge {unknown}


   Skills:
 - Level 3.0 Fighting
 * Level 3.6 Maces & Flails
 + Level 3.5 Armour
 + Level 3.6 Shields


You had 4 spell levels left.
You didn't know any spells.

Dungeon Overview and Level Annotations

Branches:
Dungeon (3/27)

Altars:


Innate Abilities, Weirdness & Mutations

You are mostly covered in thin metallic scales (AC +3).
You are significantly more attuned to the shadows.


Message History

You barely miss the gnoll.
The gnoll is moderately wounded.
You block the gnoll's attack. The gnoll hits you but does no damage.
The gnoll hits you but does no damage.
You hit the gnoll.
The gnoll is heavily wounded.
The gnoll hits you but does no damage. You block the gnoll's attack.
You hit the gnoll.
The gnoll is severely wounded.
The gnoll hits you from afar with a halberd!
* * * LOW HITPOINT WARNING * * *
The gnoll hits you but does no damage. You block the gnoll's attack.
You hit the gnoll.
You kill the gnoll!
The gnoll hits you from afar with a halberd!
* * * LOW HITPOINT WARNING * * *
There is an open door here.
There is a stone staircase leading down here.
The gnoll hits you from afar with a halberd.
You die...

####### #.....# #
#########.....#######....
.......))[.@.g'....).....
#########.....#######....
###.### . #(# #.#
#.####### ######(......#
#............#
#............#


You could see a gnoll.

Vanquished Creatures
  An orc priest (D:3)
  6 adders
  A gnoll (D:3)
  2 giant geckos
  An ooze (D:1)
  6 orcs
  A ball python (D:1)
  2 giant cockroaches
  5 hobgoblins
  10 bats
  2 giant newts
  8 goblins
  8 kobolds
  6 rats
59 creatures vanquished.

Notes
Turn   | Place    | Note
--------------------------------------------------------------
     0 | D:1      | Lilouch, the Demonspawn Fighter, began the quest for the Orb.
     0 | D:1      | Reached XP level 1. HP: 18/18 MP: 0/0
   135 | D:1      | Gained mutation: You are slightly more attuned to the shadows. [demonic ancestry]
   135 | D:1      | Reached XP level 2. HP: 5/24 MP: 1/1
   989 | D:2      | Gained mutation: You are partially covered in thin metallic scales (AC +2). [demonic ancestry]
   989 | D:2      | Reached XP level 3. HP: 30/30 MP: 2/2
  1769 | D:3      | Gained mutation: You are mostly covered in thin metallic scales (AC +3). [demonic ancestry]
  1769 | D:3      | Reached XP level 4. HP: 15/36 MP: 3/3
  2277 | D:3      | Gained mutation: You are significantly more attuned to the shadows. [demonic ancestry]
  2277 | D:3      | Reached XP level 5. HP: 35/41 MP: 4/4
  2694 | D:3      | Slain by a gnoll

Action                   |  1- 3 |  4- 6 || total
-------------------------+-------+-------++-------
Melee: Mace              |   139 |    95 ||   234
